 Dungeon Crawl Stone Soup version 0.19.0-19-g8c6edcc (console) character file.

2121 Kloppie the Fighter (level 9, -3/123 HPs)
             Began as a Green Draconian Berserker on Nov 16, 2016.
             Was an Elder of Trog.
             Slain by a manticore (14 damage)
             ... on level 6 of the Dungeon.
             The game lasted 00:07:35 (5449 turns).

Kloppie the Fighter (Green Draconian Berserker)     Turns: 5449, Time: 00:07:36

Health: -3/123     AC: 13    Str: 27    XL:     9   Next: 8%
Magic:  9/9        EV: 16    Int:  7    God:    Trog [****..]
Gold:   234        SH:  0    Dex: 15    Spells: 0 memorised, 8 levels left

rFire  . . .     SeeInvis .     a - +1 flail
rCold  . . .     Gourm    .     (armour unavailable)
rNeg   . . .     Faith    +     (no shield)
rPois  +         Spirit   .     (helmet restricted)
rElec  .         Reflect  .     (no cloak)
rCorr  .         Harm     .     (no gloves)
MR     .....                    (no boots)
Stlth  ..........               p - amulet of faith
                                c - +6 ring of protection
                                d - +3 ring of strength

@: berserking, barbed spikes, very quick
A: breathe noxious fumes, unfitting armour, poison resistance, cold-blooded, AC
+7
a: Breathe Noxious Fumes, Berserk, Trog's Hand, Brothers in Arms, Burn
Spellbooks, Renounce Religion


You were on level 6 of the Dungeon.
You worshipped Trog.
Trog was greatly pleased with you.
You were very hungry.

You visited 1 branch of the dungeon, and saw 6 of its levels.

You collected 234 gold pieces.

Inventory:

Hand Weapons
 a - a +1 flail (weapon)
 E - a +0 mace
Jewellery
 c - a +6 ring of protection (right hand)
 d - a +3 ring of strength (left hand)
 n - a +4 ring of evasion {unknown}
 p - an amulet of faith (around neck)
Wands
 o - a wand of flame (26/48)
 t - a wand of lightning (7/15)
 x - a wand of digging (19/24)
Scrolls
 f - 2 scrolls of noise
 g - 3 scrolls of teleportation
 h - a scroll of enchant armour
 u - a scroll of remove curse
 y - a scroll of fog
Potions
 e - 3 potions of heal wounds {unknown}
 j - a potion of degeneration {unknown}
 k - a potion of haste {unknown}
 m - 3 potions of agility {unknown}
 q - a potion of flight {unknown}
 r - a potion of mutation {unknown}
 s - 7 potions of curing {unknown}
 v - a potion of lignification {unknown}
 A - a potion of magic {unknown}
 B - a potion of brilliance {unknown}
 C - a potion of cancellation {unknown}
Comestibles
 b - 5 bread rations
 i - 4 beef jerkies
 l - 2 meat rations
 w - 2 royal jellies
 z - 8 chunks of flesh


   Skills:
 + Level 8.4 Fighting
 + Level 7.5 Maces & Flails
 + Level 6.8 Dodging


You had 8 spell levels left.
You didn't know any spells.

Dungeon Overview and Level Annotations

Branches:
Dungeon (6/15)
 Temple: D:4-7

Altars:
Ashenzari
Elyvilon
Fedhas
Gozag
Hepliaklqana
Vehumet

Shops:
D:5 (

Annotations:
D:3 1 runed door


Innate Abilities, Weirdness & Mutations

You can breathe blasts of noxious fumes.
Your lurid green scales are hard. (AC +7)
You cannot fit into any form of body armour.
Your system is resistant to poisons. (rPois)
You are cold-blooded and may be slowed by cold attacks.


Message History

The manticore is heavily wounded.
The manticore completely misses you. The manticore claws you!
* * * LOW HITPOINT WARNING * * *
The manticore claws you!
* * * LOW HITPOINT WARNING * * *
You barely miss the manticore. You tail-slap the manticore.
The manticore is severely wounded.
The manticore bites you!
* * * LOW HITPOINT WARNING * * *
The manticore barely misses you. x2
A red film seems to cover your vision as you go berserk!
You feel yourself moving faster!
You feel mighty!
You are feeling very hungry.
The manticore barely misses you.
The manticore claws you but does no damage.
The manticore barely misses you.
You barely miss the manticore. You tail-slap the manticore.
The manticore is severely wounded.
The manticore bites you!
You die...

........#
#......# #......#
#......# #......#
#.[....#####
#..........#
#.H).......#
#.##@###.....#
.#..#(# #.....#
.....#+###.....#
...............#
...........รท...#
#.........######
#.........#
####.....>...#
#(...........#


You could see a manticore.

Vanquished Creatures
  Pikel (D:6)
  Grinder (D:6)
  Eustachio (D:6)
  A phantom (D:4)
  2 sky beasts
  An ogre (D:4)
  2 centaurs
  A bullfrog (D:6)
  A howler monkey (D:6)
  A jelly (D:5)
  2 orc priests (D:4)
  2 centaur skeletons
  2 hounds
  3 orc wizards
  Jessica (D:2)
  3 iguanas
  Natasha (twice) (D:2)
  4 worker ants (D:4)
  Robin (D:2)
  9 adders
  An ooze (D:2)
  A worm (D:5)
  A dart slug (D:1)
  4 leopard geckos
  14 orcs
  A ball python (D:2)
  9 giant cockroaches
  7 hobgoblins
  2 jackals (D:4)
  8 kobolds
  3 quokkas
  A ball python skeleton (D:4)
  5 bats
  3 frilled lizards
  8 goblins
  2 jackal skeletons (D:4)
  A quokka skeleton (D:5)
  13 rats
125 creatures vanquished.

Vanquished Creatures (others)
  3 slaves (D:6)
3 creatures vanquished.

Grand Total: 128 creatures vanquished

Notes
Turn   | Place    | Note
-------+----------+-------------------------------------------
     0 | D:1      | Kloppie the Draconian Berserker began the quest for the Orb.
     0 | D:1      | Reached XP level 1. HP: 19/19 MP: 1/1
   307 | D:1      | Reached XP level 2. HP: 22/26 MP: 2/2
   758 | D:2      | Reached XP level 3. HP: 20/33 MP: 3/3
   963 | D:2      | Reached skill level 4 in Fighting
  1107 | D:2      | Noticed Natasha
  1109 | D:2      | Noticed Robin
  1124 | D:2      | Reached ** piety under Trog
  1137 | D:2      | Killed Natasha
  1137 | D:2      | Reached XP level 4. HP: 20/40 MP: 4/4
  1140 | D:2      | Killed Robin
  1291 | D:2      | Noticed Jessica
  1301 | D:2      | Killed Jessica
  1311 | D:2      | Noticed Natasha
  1513 | D:2      | Found a shattered altar of Ashenzari.
  1614 | D:2      | Reached XP level 5. HP: 40/47 MP: 5/5
  1678 | D:2      | Killed Natasha
  2568 | D:3      | Found a runed door.
  2747 | D:4      | Found a hazy altar of Hepliaklqana.
  2747 | D:4      | Found a white marble altar of Elyvilon.
  2809 | D:4      | Reached skill level 5 in Fighting
  2845 | D:4      | Reached XP level 6. HP: 21/56 MP: 6/6
  3048 | D:4      | Reached *** piety under Trog
  3401 | D:4      | Reached skill level 5 in Maces & Flails
  3436 | D:4      | Your scales start taking on a lurid green colour.
  3436 | D:4      | Reached XP level 7. HP: 33/62 MP: 7/7
  3436 | D:4      | Gained mutation: Your system is resistant to poisons. (rPois) [Green Draconian growth]
  3666 | D:4      | Identified Sif Muna's Incunabulum of Fiery Transmutation
  3773 | D:4      | Reached skill level 6 in Fighting
  3773 | D:4      | Reached skill level 5 in Dodging
  4042 | D:5      | Entered Level 5 of the Dungeon
  4068 | D:5      | Found Uliron's Antique Weapon Shop.
  4443 | D:5      | Reached **** piety under Trog
  4742 | D:5      | Reached XP level 8. HP: 53/71 MP: 8/8
  5044 | D:5      | Found a radiant altar of Vehumet.
  5237 | D:6      | Reached skill level 7 in Fighting
  5241 | D:6      | Found a blossoming altar of Fedhas.
  5257 | D:6      | Noticed Grinder
  5271 | D:6      | Killed Grinder
  5335 | D:6      | Noticed Eustachio
  5354 | D:6      | Killed Eustachio
  5383 | D:6      | Found an opulent altar of Gozag.
  5412 | D:6      | Noticed Pikel
  5414 | D:6      | Noticed a manticore
  5428 | D:6      | Killed Pikel
  5428 | D:6      | Reached skill level 8 in Fighting
  5428 | D:6      | Reached XP level 9. HP: 79/82 MP: 9/9
  5449 | D:6      | Slain by a manticore

Skill      XL: |  1  2  3  4  5  6  7  8 |
---------------+-------------------------+-----
Dodging        | 3 4 5 6 |  6.8
Fighting       | 4 5 6 8 |  8.4
Maces & Flails | 4 5 6 7 |  7.5

Action                   |  1- 3 |  4- 6 |  7- 9 || total
-------------------------+-------+-------+-------++-------
Melee: Mace              |    83 |   178 |   150 ||   411
       Tailslap          |    12 |    34 |    35 ||    81
       Unarmed           |     9 |     5 |       ||    14
       Flail             |       |       |    47 ||    47
Invok: Berserk           |     2 |     6 |     4 ||    12
       Trog's Hand       |       |       |     1 ||     1
 Abil: Breathe Noxious F |       |       |     1 ||     1
  Use: Scroll            |       |       |    10 ||    10
 Stab: Sleeping          |       |       |     1 ||     1
  Eat: Chunk             |     1 |    13 |    11 ||    25
Armor: Skin              |    34 |    50 |    80 ||   164
Dodge: Dodged            |    60 |   145 |   160 ||   365
